 Dungeon Crawl Stone Soup version 0.30-a0-1157-g2cc9ac7196 (webtiles) character file.

Game seed: 17939158162143167447

31198 jasper the Unseen (level 13, -3/65 HPs)
             Began as a Spriggan Enchanter on Apr 24, 2023.
             Was the Champion of Fedhas.
             Slain by a sixfirhy (10 damage)
             ... summoned by an orc high priest
             ... on level 2 of the Orcish Mines.
             The game lasted 00:39:28 (18878 turns).

jasper the Unseen (Spriggan Enchanter)             Turns: 18878, Time: 00:39:28

Health: -3/65      AC:  6    Str:  4    XL:     13   Next: 24%
Magic:  7/21       EV: 22    Int: 22    God:    Fedhas [******]
Gold:   978        SH: 11    Dex: 15    Spells: 9/17 levels left

rFire   x . .        I - +2 dagger (venom)
rCold   + . .        A - +0 buckler
rNeg    . . .        l - +1 steam dragon scales
rPois   +            (helmet restricted)
rElec   .            (no cloak)
rCorr   .            (gloves unavailable)
SInv    +            (boots unavailable)
Will    ++...        N - amulet of reflection
Stlth   ++++++       v - ring of poison resistance
HPRegen 0.30/turn    B - ring of ice
MPRegen 0.17/turn

%: reflection
@: very quick
A: very small, no large weapons, unfitting armour, see invisible, speed 3
a: Renounce Religion, Wall of Briars, Grow Ballistomycete, Overgrow, Grow Oklob


You were on level 2 of the Orcish Mines.
You worshipped Fedhas.
Fedhas was exalted by your worship.
You visited 3 branches of the dungeon, and saw 17 of its levels.

You collected 1147 gold pieces.
You spent 169 gold pieces at shops.

Inventory:

Hand Weapons
 a - a +2 dagger
 t - a +1 short sword of electrocution
 H - a +2 short sword
 I - a +2 dagger of venom (weapon)
Missiles
 r - a throwing net
Armour
 b - a +0 robe
 l - +1 steam dragon scales (worn)
 A - a +0 buckler (worn)
Jewellery
 d - an amulet of guardian spirit
 s - a ring of magical power
 v - a ring of poison resistance (left hand)
 y - a ring of protection from fire
 B - a ring of ice (right hand)
 N - an amulet of reflection (around neck)
 O - a ring of flight
Wands
 i - a wand of paralysis (22)
 C - a wand of mindburst (6)
 F - a wand of polymorph (4)
 G - a wand of acid (11)
 M - a wand of flame (19)
 S - a wand of digging (6)
Scrolls
 e - 6 scrolls of fear
 n - 2 scrolls of magic mapping
 p - a scroll of enchant armour
 u - a scroll of noise
 J - a scroll of enchant weapon
 K - 5 scrolls of teleportation
 L - 4 scrolls of summoning
 P - a scroll of brand weapon
 Q - a scroll of silence
 R - a scroll of fog
Potions
 c - a potion of invisibility
 f - 3 potions of brilliance
 g - 4 potions of lignification
 h - a potion of degeneration
 j - 3 potions of flight
 k - 3 potions of heal wounds
 m - 4 potions of ambrosia
 o - 2 potions of curing
 w - 3 potions of mutation
 x - 2 potions of cancellation
 z - 5 potions of might
 D - a potion of haste
 E - a potion of magic {unknown}


   Skills:
 + Level 6.0 Fighting
 - Level 8.0 Short Blades
 + Level 10.1 Dodging
 + Level 17.0 Stealth
 - Level 8.0 Shields
 - Level 2.6 Spellcasting
 - Level 8.0 Hexes
 * Level 9.3 Invocations
 - Level 6.0 Evocations


You had 9 spell levels left.
You knew the following spells:

 Your Spells              Type           Power      Damage    Failure   Level
a - Ensorcelled Hibernat  Hex/Ice        60%        N/A       6%          2
b - Confusing Touch       Hex            38%        N/A       2%          3
c - Tukima's Dance        Hex            38%        N/A       2%          3

Your spell library contained the following spells:

 Spells                   Type           Power      Damage    Failure   Level
 Dazzling Flash           Conj/Hex       40%        N/A       12%         3
 Portal Projectile        Hex/Tloc       40%        N/A       12%         3
 Lesser Beckoning         Tloc           4%         N/A       30%         2
 Leda's Liquefaction      Hex/Erth       10%        N/A       36%         4
 Call Canine Familiar     Summ           2%         N/A       52%         3
 Gell's Gravitas          Tloc           2%         N/A       52%         3
 Teleport Other           Tloc           2%         N/A       52%         3
 Dispersal                Tloc           1%         N/A       100%        6


Dungeon Overview and Level Annotations

Branches:
Dungeon (11/15)            Temple (0/1) D:6            Lair (4/5) D:11
  Swamp (0/4) Lair:2        Snake (0/4) Lair:3          Orc (2/2) D:9
  Slime: Lair:4-5       Elf: Orc:2

Altars:
Fedhas
Makhleb
Okawaru
Ru
Sif Muna
Vehumet
Wu Jian
Xom

Shops:
D:6 !   D:7 :

Annotations:
Lair:1 Gastronok
Lair:4 1 runed translucent door, GloriousHammer's ghost, journeyman GnCA
Orc:2 1 runed translucent door, Unforgiven's ghost, journeyman AtFi


Innate Abilities, Weirdness & Mutations

You are very small and have problems with some larger weapons.
You are too small for most types of armour.
You have supernaturally acute eyesight. (SInv)
You cover ground extremely quickly. (Speed+++)


Message History

The sixfirhy shocks you! The sixfirhy completely misses you.
The orc warrior completely misses you. You block the orc warrior's attack.
The orc high priest utters an invocation to Beogh.
The soul eater draws from the surrounding life force!
The hellwing barely misses you. You block the hellwing's attack.
You barely miss the hellwing. You block the sixfirhy's attack.
The orc warrior hits you but does no damage.
Your +0 battleaxe hits the orc warrior!
You block the orc high priest's attack.
You take 27 damage, and have 27/65 hp.
MASSIVE DAMAGE!!
Unknown command.
The sixfirhy attacks as you move away! The sixfirhy barely misses you.
The red devil disappears in a puff of smoke!
The hellwing hits you!
* * * LOW HITPOINT WARNING * * *
The hellwing closely misses you.
You take 9 damage, and have 18/65 hp.
The orc warrior hits your +0 battleaxe!
The orc high priest calls upon Beogh to heal the orc warrior.
The orc warrior's wounds heal themselves!
Your +0 battleaxe hits the orc high priest.
Your +0 battleaxe hits the orc warrior but does no damage.
Your +0 battleaxe hits the hellwing.
Okay, then.
Okay, then.
Unknown command.
The orc high priest calls upon Beogh to heal the orc warrior.
The orc warrior is healed somewhat.
The smoke demon gestures at you.
The ball of steam hits your +0 battleaxe.
Your +0 battleaxe resists.
Your +0 battleaxe falls from the air.
The ball of steam misses you.
The sixfirhy is engulfed in a cloud of scalding steam. x2
The sixfirhy misses you.
The sixfirhy is engulfed in a cloud of scalding steam.
The sixfirhy hits you!
* * * LOW HITPOINT WARNING * * *
The sixfirhy shocks you!
You die...
Fedhas appreciates your contribution to the ecosystem.

#..##....)3.......#
##..##....#4.o#....#
#...##....3)ooo....# ##..
##..##....#oo4#4...# .....
#...###...........###.....###
#...# #)).#.§.#...# #.#....##
#...# ##....§....## #........
#...# #..#.3§#..# #......#.
##..# ##.).@§..## #........
#...#######..)#######.......)
#...#......)).).....#.......$
#...#..............)#........
#..........)....[.....)[..)..
#............)............)..
#..........................).
#.......)...)...............#
#..........................#.


You could see an orc knight (strong), 2 orc high priests, a hellwing (summoned),
an ice devil (summoned), a sixfirhy (summoned, corroded), a smoke demon
(summoned), a red devil (summoned) and an orc warrior (strong).

Vanquished Creatures
  Josephine (Lair:3)
  An ettin (Orc:1)
  A hydra (Lair:3)
  2 two-headed ogres
  An orc high priest (Orc:2)
  A skyshark (Lair:2)
  A bog body (Lair:2)
  2 orc knights (Orc:2)
  An orc sorcerer (Orc:2)
  A manticore (D:9)
  3 cyclopes
  A black mamba (Lair:2)
  5 elephants
  6 cane toads
  A gargoyle (D:9)
  A rime drake (Lair:2)
  3 komodo dragons
  2 trolls
  A polar bear (Lair:4)
  4 blink frogs (Lair:3)
  2 wyverns
  3 fire bats (Lair:2)
  Grum (D:9)
  4 wraiths
  35 yaks
  2 vampire mosquitoes (D:11)
  2 acid dragons
  3 wargs
  2 nagas (Lair:3)
  12 water moccasins
  6 black bears
  23 orc warriors
  4 ogres
  An ice beast (D:5)
  3 centaurs
  13 wolves
  3 kobold brigands
  8 bullfrogs
  A gnoll sergeant (D:7)
  11 wights
  5 killer bees (D:11)
  2 electric eels (Lair:3)
  4 howler monkeys
  A hound (D:4)
  A jelly (D:6)
  30 orc priests
  7 iguanas
  21 orc wizards
  7 gnolls
  7 adders
  2 shadow imps
  2 white imps
  2 ufetubi
  3 worms
  74 orcs
  8 endoplasms
  4 giant cockroaches
  3 hobgoblins
  4 jackals (D:1)
  3 quokkas
  5 ball pythons
  9 bats
  7 frilled lizards
  5 goblins
  23 kobolds
  6 rats
423 creatures vanquished.

Vanquished Creatures (collateral kills)
  2 nagas (Lair:3)
  An orc warrior (Orc:1)
  A wight (D:8)
  An orc priest (D:7)
  An orc (Orc:2)
6 creatures vanquished.

Vanquished Creatures (others)
  12 dancing weapons
  A sleepcap (D:7)
  9 fungi
  25 plants
47 creatures vanquished.

Grand Total: 476 creatures vanquished

Notes
Turn   | Place    | Note
-------+----------+-------------------------------------------
     0 | D:1      | jasper the Spriggan Enchanter began the quest for the Orb.
     0 | D:1      | Reached XP level 1. HP: 9/9 MP: 5/5
   181 | D:2      | Reached XP level 2. HP: 13/13 MP: 6/6
   197 | D:2      | Learned a level 2 spell: Ensorcelled Hibernation
   205 | D:2      | Reached skill level 5 in Stealth
   602 | D:2      | Reached XP level 3. HP: 16/16 MP: 2/8
   676 | D:2      | Found a faded altar of an unknown god.
   883 | D:2      | Found an ornate altar of the Wu Jian Council.
   952 | D:2      | Learned a level 3 spell: Confusing Touch
  1096 | D:3      | Reached XP level 4. HP: 21/21 MP: 2/9
  2009 | D:3      | Reached skill level 6 in Stealth
  2897 | D:3      | Reached XP level 5. HP: 24/24 MP: 3/10
  3361 | D:4      | Reached skill level 5 in Hexes
  3560 | D:4      | Found a shimmering altar of Xom.
  3562 | D:4      | Found an ancient bone altar of Kikubaaqudgha.
  3562 | D:4      | Found a glowing golden altar of the Shining One.
  3564 | D:4      | Found a hazy altar of Hepliaklqana.
  3564 | D:4      | Found a hide-covered altar of Uskayaw.
  3564 | D:4      | Found a burning altar of Makhleb.
  3671 | D:4      | Reached skill level 7 in Stealth
  3741 | D:4      | Found a blossoming altar of Fedhas.
  3801 | D:4      | Became a worshipper of Fedhas Madash
  3886 | D:4      | Reached XP level 6. HP: 19/28 MP: 11/11
  4127 | D:4      | Noticed an orc warrior
  4149 | D:4      | Learned a level 3 spell: Tukima's Dance
  4167 | D:4      | Killed an orc warrior
  4529 | D:5      | Entered Level 5 of the Dungeon
  4650 | D:5      | Reached skill level 8 in Stealth
  4706 | D:5      | Noticed an ice beast
  4720 | D:5      | Killed an ice beast
  4721 | D:5      | Reached XP level 7. HP: 32/32 MP: 12/12
  4931 | D:5      | Found a sacrificial altar of Ru.
  5125 | D:5      | Found an iron altar of Okawaru.
  5138 | D:5      | Reached * piety under Fedhas
  5298 | D:5      | Reached skill level 5 in Short Blades
  5538 | D:6      | Reached skill level 9 in Stealth
  5662 | D:6      | Found Wicalet's Distillery.
  5676 | D:6      | Bought a potion of curing for 39 gold pieces
  5676 | D:6      | Bought a potion of haste for 130 gold pieces
  5683 | D:6      | Reached XP level 8. HP: 36/36 MP: 13/13
  5751 | D:6      | Reached skill level 10 in Stealth
  5853 | D:6      | Found a shimmering blue altar of Sif Muna.
  6034 | D:6      | Found a staircase to the Ecumenical Temple.
  6154 | D:6      | Found a burning altar of Makhleb.
  6303 | D:7      | Reached ** piety under Fedhas
  6311 | D:7      | Reached skill level 11 in Stealth
  6852 | D:7      | Reached XP level 9. HP: 40/40 MP: 14/14
  6919 | D:7      | Reached skill level 1 in Evocations
  6928 | D:7      | Reached skill level 1 in Fighting
  6928 | D:7      | Reached skill level 1 in Invocations
  7344 | D:7      | Noticed a komodo dragon
  7351 | D:7      | Killed a komodo dragon
  7352 | D:7      | Reached skill level 12 in Stealth
  7671 | D:7      | Found Daostr Gyhe's Tiny Tomes.
  8170 | D:8      | Reached skill level 13 in Stealth
  8292 | D:8      | Reached *** piety under Fedhas
  8331 | D:8      | Reached skill level 5 in Dodging
  8363 | D:8      | Noticed a two-headed ogre
  8370 | D:8      | Killed a two-headed ogre
  8371 | D:8      | Reached XP level 10. HP: 41/47 MP: 7/15
  8474 | D:8      | Noticed a cyclops
  8479 | D:8      | Killed a cyclops
  8480 | D:8      | Reached skill level 14 in Stealth
  9323 | D:9      | Reached **** piety under Fedhas
  9392 | D:9      | Found a staircase to the Orcish Mines.
  9394 | D:9      | Noticed a manticore
  9401 | D:9      | Killed a manticore
  9402 | D:9      | Reached skill level 5 in Evocations
  9462 | D:9      | Noticed Grum
  9528 | D:9      | Killed Grum
  9750 | D:9      | Noticed a gargoyle
  9757 | D:9      | Killed a gargoyle
  9758 | D:9      | Reached skill level 1 in Shields
 10287 | D:10     | Entered Level 10 of the Dungeon
 10469 | D:10     | Found a radiant altar of Vehumet.
 10983 | D:10     | Reached XP level 11. HP: 52/52 MP: 16/16
 11238 | D:11     | Found a staircase to the Lair.
 11256 | D:11     | Reached skill level 5 in Shields
 11266 | D:11     | Reached ***** piety under Fedhas
 11447 | D:11     | Noticed a two-headed ogre
 11449 | D:11     | Killed a two-headed ogre
 12438 | Lair:1   | Entered Level 1 of the Lair of Beasts
 12517 | Lair:1   | Noticed Gastronok
 12607 | Lair:1   | Found a burning altar of Makhleb.
 12731 | Lair:2   | Noticed a skyshark
 12741 | Lair:2   | Killed a skyshark
 13217 | Lair:2   | Noticed a bog body
 13218 | Lair:2   | Found a staircase to the Swamp.
 13227 | Lair:2   | Killed a bog body
 13278 | Lair:2   | Reached skill level 15 in Stealth
 13564 | Lair:2   | Reached skill level 5 in Invocations
 13587 | Lair:2   | Reached XP level 12. HP: 58/58 MP: 14/17
 13863 | Lair:3   | Noticed Josephine
 13869 | Lair:3   | Noticed a seven-headed hydra
 14261 | Lair:3   | Found a staircase to the Snake Pit.
 14651 | Lair:3   | Killed Josephine
 14652 | Lair:3   | Reached skill level 16 in Stealth
 14956 | Lair:3   | Reached ****** piety under Fedhas
 14960 | Lair:3   | Reached skill level 5 in Fighting
 15430 | Lair:3   | Killed a seven-headed hydra
 15870 | Lair:4   | Found a runed translucent door.
 15874 | Lair:4   | Noticed GloriousHammer's ghost (journeyman GnCA)
 16934 | Orc:1    | Entered Level 1 of the Orcish Mines
 17017 | Orc:1    | Noticed an ettin
 17097 | Orc:1    | Killed an ettin
 17098 | Orc:1    | Reached XP level 13. HP: 46/64 MP: 4/20
 17426 | Orc:2    | Entered Level 2 of the Orcish Mines
 17487 | Orc:2    | Found a burning altar of Makhleb.
 17632 | Orc:2    | Found a runed translucent door.
 17632 | Orc:2    | Found a shimmering altar of Xom.
 17632 | Orc:2    | Noticed Unforgiven's ghost (journeyman AtFi)
 17762 | Orc:2    | Identified the +8 long sword of Foolhardiness {chaos, rElec
                  | Will+}
 18467 | Orc:2    | Reached skill level 10 in Dodging
 18636 | Orc:2    | Reached skill level 17 in Stealth
 18878 | Orc:2    | Slain by a sixfirhy

Illustrated notes

Levels and vault maps discovered:
D:1:      giann_horns, layout_loops_cross, minmay_tromino_v4_b
D:2:      layout_loops_ring, hellmonk_ecumenical_altar_lost_god, basic_altar,
          minmay_misc_feat_chi
D:3:      layout_basic, kennysheep_generic_room_15
D:4:      layout_basic, fedhas_altar_2, doesnt_xom_only_xom,
          nicolae_overflow_hidden_temple, guppyfry_early_orc_mine
D:5:      layout_cave_pools, okawaru_altar_gauntlet_db,
          nicolae_overflow_crystal_walls, minivault_5, hangedman_decor_riveting
D:6:      layout_cave_pools, lightli_temple_of_fire, kennysheep_orc_sif_temple,
          minmay_temple_entry_glassed_door, serial_shops,
          nicolae_shop_tiny_statue_garden, corexii_checkpoint_b,
          serial_bayou_pond_b
D:7:      layout_loops_ring, serial_glass, glass_columns_b, glass_columns_c,
          glass_columns_a, glass_columns_a, nicolae_shop_i_like_small_books_too,
          hangedman_decor_diamond_cutter, nrook_uturn, dreamdust_princess_bridge
D:8:      layout_loops_ring, minmay_liquid_box, st_stairs_3
D:9:      layout_loops_ring, david_orc_1_choice, uniq_grum
D:10:     layout_roguey, nicolae_vehumet_radiance
D:11:     layout_basic, grunt_lair_entry_orc_guard_hut
Lair:1:   layout_long_grid, basic_altar, nicolae_lair_grove_arrangements,
          serial_bayou_ford_a, uniq_gastronok
Lair:2:   layout_chaotic_city, skrybe_swamp_entry_bodies,
          nicolae_volcano_entry_batcave
Lair:3:   layout_chaotic_city, minmay_snake_entry_guardpost_small,
          nicolae_quartered_pool_super, infiniplex_staircase_pool_2,
          uniq_josephine
Lair:4:   layout_regular_city, ebering_ghost_inner_flame
Orc:1:    layout_diamond_mine, serial_shops, nicolae_book_shop_shelving
Orc:2:    st_orc_pillars, layout_diamond_mine, ebering_ghost_xom,
          bloody_makhleb, uniq_donald

Skill      XL: |  1  2  3  4  5  6  7  8  9 10 11 12 13 |
---------------+----------------------------------------+-----
Hexes          | 4 5 6 7 8 |  8.0
Stealth        | 5 6 7 8 9 11 13 14 15 16 17 | 17.0
Short Blades   | 2 3 4 6 8 |  8.0
Dodging        | 5 6 7 9 10 | 10.1
Evocations     | 4 5 6 |  6.0
Fighting       | 2 3 5 6 |  6.0
Invocations    | 3 4 5 8 9 |  9.3
Shields        | 4 8 |  8.0
Spellcasting   | |  2.6

Action                     |  1- 3 |  4- 6 |  7- 9 | 10-12 | 13-15 || total
---------------------------+-------+-------+-------+-------+-------++-------
  Melee: Dagger            |    53 |   135 |   193 |   455 |   126 ||   962
         Punch             |       |     2 |     4 |       |       ||     6
         Short sword       |       |       |    16 |     4 |       ||    20
   Cast: Ensorcelled Hiber |    15 |    65 |    70 |   192 |    53 ||   395
         Confusing Touch   |       |     3 |    10 |     5 |       ||    18
         Tukima's Dance    |       |     3 |    10 |    15 |     4 ||    32
 Invoke: Grow Oklob        |       |       |       |       |     1 ||     1
  Evoke: Wand              |       |       |       |    21 |     4 ||    25
    Use: Scroll            |     5 |     4 |    10 |     9 |       ||    28
         Potion            |       |     1 |     3 |     3 |       ||     7
   Stab: Sleeping          |    21 |    52 |    49 |   127 |    39 ||   288
         Confused          |       |     2 |    10 |     5 |       ||    17
         Invisible         |       |     2 |       |       |       ||     2
         Distracted        |       |       |       |     2 |       ||     2
         Paralysed         |       |       |       |     3 |       ||     3
 Armour: Robe              |     3 |     6 |       |       |       ||     9
         Steam dragon scal |       |    14 |    17 |    57 |     6 ||    94
  Dodge: Dodged            |    27 |   113 |   124 |   249 |    68 ||   581
  Block: Buckler           |       |       |       |   155 |    55 ||   210
         Reflection        |       |       |       |     8 |     4 ||    12

Table legend: (Time is in decaauts)
 A = Elapsed time spent in this place.
 B = Non-inter-level travel time spent in this place.
 C = Inter-level travel time spent in this place.
 D = Time resting spent in this place.
 E = Time spent auto-exploring this place.
 F = Levels seen in this place.
 G = Mean time per level.
                   A        B        C        D        E       F      G
               +--------+--------+--------+--------+--------+-----+--------+
         Total |  14111 |  13548 |    563 |   1220 |   9303 |  17 |  830.1 |
       Dungeon |   9319 |   8865 |    454 |    865 |   6265 |  11 |  847.2 |
          Lair |   3306 |   3207 |     99 |    163 |   2207 |   4 |  826.5 |
  Orcish Mines |   1486 |   1476 |     10 |    191 |    830 |   2 |  743.0 |
               +--------+--------+--------+--------+--------+-----+--------+

Top non-repeatable levels by time:
  Lair:3: 1371 daAuts
     D:7: 1214 daAuts
   Orc:2: 1160 daAuts
    D:11: 1041 daAuts
     D:3: 1029 daAuts
  Lair:2: 1018 daAuts
     D:4: 932 daAuts
     D:9: 928 daAuts
     D:8: 908 daAuts
  Lair:4: 748 daAuts
     D:1: 723 daAuts
     D:2: 689 daAuts
     D:5: 650 daAuts
     D:6: 631 daAuts
    D:10: 568 daAuts
